 Dungeon Crawl Stone Soup version 0.18.1-48-g4cf74bf (console) character file.

38369 Kloppie the Bludgeoner (level 13, -2/132 HPs)
             Began as a Minotaur Berserker on June 25, 2016.
             Was a High Priest of Trog.
             Impaled on a porcupine's spines (16 damage)
             ... on level 7 of the Lair of Beasts.
             The game lasted 00:35:53 (20649 turns).

Kloppie the Bludgeoner (Minotaur Berserker)        Turns: 20649, Time: 00:35:54

Health: -2/132     AC: 20    Str: 22    XL:     13   Next: 63%
Magic:  4/4        EV: 11    Int:  4    God:    Trog [*****.]
Gold:   1015       SH:  3    Dex: 15    Spells: 0 memorised, 12 levels left

rFire  + . .     SeeInvis .     a - +2 great mace (antimagic)
rCold  . . .     Gourm    .     R - +3 scale mail {rF+}
rNeg   . . .     Faith    .     (shield currently unavailable)
rPois  +         Spirit   .     w - +1 hat
rElec  .         Dismiss  .     B - +2 cloak
rCorr  .         Reflect  +     (no gloves)
SustAt .         Harm     .     f - +2 pair of boots
MR     ++...                    F - +3 amulet of reflection
Stlth  +.........               C - ring of stealth
                                E - ring of poison resistance

@: lethally poisoned (-2 -> -2), regenerating, very resistant to hostile
enchantments, very unstealthy
A: retaliatory headbutt, horns 2
a: Berserk, Trog's Hand, Brothers in Arms, Burn Spellbooks, Renounce Religion


You were on level 7 of the Lair of Beasts.
You worshipped Trog.
Trog was extremely pleased with you.
You were not hungry.

You visited 2 branches of the dungeon, and saw 21 of its levels.
You also visited: Volcano.

You collected 1404 gold pieces.
You spent 389 gold pieces at shops.

Inventory:

Hand Weapons
 a - a +2 antimagic great mace (weapon)
 b - a +1 flail of freezing
 Q - a +2 great mace of flaming
Armour
 f - a +2 pair of boots (worn)
 w - a +1 hat (worn)
 B - a +2 cloak (worn)
 R - a +3 scale mail of fire resistance (worn)
Jewellery
 z - an uncursed ring of flight
 C - a ring of stealth (right hand)
 E - a ring of poison resistance (left hand)
 F - a +3 amulet of reflection (around neck)
 H - the ring of the Twelve Mice {Fire Dex+3}
   (You found it on level 6 of the Lair of Beasts)

   [ring of fire]

   It enhances your fire magic, and weakens your ice magic.
   It affects your dexterity (+3).
   It protects you from fire.
   It makes you vulnerable to cold.
 J - an uncursed amulet of dismissal
 P - a +6 ring of intelligence
Wands
 r - a wand of polymorph (13/24)
 G - a wand of hasting (6/9)
 K - a wand of paralysis (8/24)
 N - a wand of lightning (4/15)
Scrolls
 g - a scroll of noise
 h - 2 scrolls of fog
 k - 7 scrolls of remove curse
 t - 3 scrolls of fear
 u - 4 scrolls of enchant weapon
 y - 4 scrolls of teleportation
 M - 3 scrolls of enchant armour
 O - a scroll of recharging
 V - a scroll of blinking
Potions
 d - 2 potions of haste
 e - a potion of cancellation
 i - 2 potions of invisibility
 l - 3 potions of mutation
 m - 6 potions of agility
 n - 2 potions of resistance
 o - 2 potions of curing
 p - 4 potions of berserk rage
 s - 8 potions of might
 v - 3 potions of lignification {unknown}
 x - a potion of ambrosia
 A - a potion of magic {unknown}
 L - 4 potions of cure mutation {unknown}
 U - a potion of brilliance
Comestibles
 c - 7 bread rations
 j - 5 beef jerkies
 q - 13 royal jellies
 D - 9 slices of pizza
 I - a meat ration
 S - 5 chunks of flesh


   Skills:
 + Level 17.0 Fighting
 + Level 17.0 Maces & Flails
 - Level 13.1 Armour
 - Level 2.1 Dodging


You had 12 spell levels left.
You didn't know any spells.

Dungeon Overview and Level Annotations

Branches:
Dungeon (14/15)            Temple (0/1) D:4            Lair (7/8) D:11
 Shoals (0/4) Lair:3       Spider (0/4) Lair:4        Slime (0/6) Lair:6
    Orc (0/2) D:12
 Vaults: D:13-14

Altars:
Dithmenos
Fedhas
Kikubaaqudgha
Makhleb
Pakellas
Qazlal
Yredelemnul

Shops:
D:4 *   D:7 =}[

Annotations:
D:6 1 exclusion, Blork the orc


Innate Abilities, Weirdness & Mutations

You reflexively headbutt those who attack you in melee.
You have a pair of horns on your head.


Message History

You sock the spiny frog!
You kill the spiny frog!
Trog accepts your kill.
Your Fighting skill increases to level 17!
You feel sick.
You feel sick.
You feel sick.
You feel sick.
You feel sick.
You see here a water moccasin corpse.
A porcupine comes into view.
You feel sick.
The porcupine bites you but does no damage.
There is a stone staircase leading up here.
You are struck by the porcupine's spines.
* * * LOW HITPOINT WARNING * * *
You closely miss the porcupine.
You feel sick. You block the porcupine's attack.
You are struck by the porcupine's spines.
You die...

#......P# ..
##......P# #.# #...
#.#......###.###....
#...................
....................
......(.............
....................
.......@r...........
.......†#.#..†......
.......####.##.P....
.#P.... ##. .....
P...... .# ....
....... .. ...
.#..... ..# ..
...r.. ..# . ###


You could see 2 porcupines.

Vanquished Creatures
  Maud (D:12)
  6 hydras
  A centaur warrior (D:12)
  A queen ant (Lair:2)
  A fire crab (Lair:1)
  The ghost of nobody the Fighter, a novice MiMo (D:5)
  A lindwurm (Lair:4)
  A hill giant (D:10)
  A griffon (Lair:3)
  2 deep elf magi (Volcano)
  2 centaur zombies
  4 elephants (Lair:6)
  9 black mambas
  8 spiny frogs
  A centaur skeleton (D:12)
  6 komodo dragons
  A demonic crawler (Lair:4)
  A queen bee (Lair:1)
  2 trolls (D:12)
  A troll (shapeshifter) (D:14)
  3 two-headed ogres
  2 hogs (Volcano)
  14 yaks
  A steam dragon (Lair:6)
  3 basilisks
  7 hippogriffs
  A mottled dragon (D:14)
  2 wargs (D:12)
  7 swamp worms (Lair:4)
  Duvessa (D:7)
  5 soldier ants (Lair:2)
  12 water moccasins
  A hell hound (Volcano)
  A porcupine (Lair:2)
  2 orc warriors
  4 sky beasts
  3 ice beasts
  A black bear (D:7)
  A wasp (D:10)
  4 ogres
  2 phantoms
  6 wolves (Lair:4)
  7 centaurs
  12 crocodiles
  4 big kobolds
  17 giant frogs
  A wyvern zombie (D:11)
  Dowan (D:7)
  5 scorpions
  29 killer bees
  5 wights
  2 vampire bats (Lair:3)
  5 howler monkeys
  3 crimson imps
  A quasit (D:7)
  15 jellies
  2 giant frog zombies
  7 hounds
  5 orc priests
  Jessica (D:2)
  4 giant frog skeletons
  6 iguanas
  37 worker ants
  5 orc wizards (D:8)
  A killer bee zombie (D:5)
  20 sheep
  2 hound skeletons
  2 worker ant zombies (D:5)
  3 gnolls (D:3)
  9 adders
  52 river rats
  7 shadow imps
  An adder zombie (D:5)
  An ooze (Lair:6)
  3 adder skeletons
  16 worms
  3 dart slugs
  2 giant geckos
  35 orcs
  A ball python (D:1)
  12 bats
  4 giant cockroaches
  5 goblins
  5 hobgoblins
  7 jackals
  9 kobolds
  A quokka (D:9)
  6 giant newts
  A jackal skeleton (D:6)
  A quokka skeleton (D:6)
  A quokka zombie (D:5)
  4 rats
522 creatures vanquished.

Vanquished Creatures (collateral kills)
  Sonja (D:10)
1 creature vanquished.

Vanquished Creatures (others)
  A river rat (Lair:1)
  A fungus (Lair:4)
  4 plants
6 creatures vanquished.

Grand Total: 529 creatures vanquished

Notes
Turn   | Place    | Note
--------------------------------------------------------------
     0 | D:1      | Kloppie the Minotaur Berserker began the quest for the Orb.
     0 | D:1      | Reached XP level 1. HP: 19/19 MP: 0/0
   392 | D:1      | Reached XP level 2. HP: 23/27 MP: 1/1
   808 | D:2      | Noticed Jessica
   811 | D:2      | Killed Jessica
   811 | D:2      | Reached XP level 3. HP: 34/34 MP: 2/2
  1106 | D:2      | Reached ** piety under Trog
  1337 | D:2      | Reached skill level 5 in Maces & Flails
  1367 | D:2      | Reached XP level 4. HP: 40/41 MP: 3/3
  1838 | D:3      | Reached skill level 5 in Fighting
  2510 | D:4      | Reached XP level 5. HP: 42/49 MP: 4/4
  2523 | D:4      | Found Foahifed's Assorted Antiques.
  2531 | D:4      | Bought a bubbling brown potion for 18 gold pieces
  2531 | D:4      | Bought a scroll labeled ANAN WORCHAEHE for 21 gold pieces
  2531 | D:4      | Bought 2 scrolls labeled XEIS ITANOJU for 42 gold pieces
  2531 | D:4      | Bought a scroll labeled UNIGOM DAWYKUQ for 21 gold pieces
  2531 | D:4      | Bought 2 bubbling amethyst potions for 37 gold pieces
  2548 | D:4      | Found a staircase to the Ecumenical Temple.
  2560 | D:4      | Noticed an ogre
  2571 | D:4      | Killed an ogre
  2769 | D:4      | Reached XP level 6. HP: 58/58 MP: 5/5
  3300 | D:5      | Entered Level 5 of the Dungeon
  3338 | D:5      | Noticed nobody's ghost (novice MiMo)
  3358 | D:5      | Killed nobody's ghost
  3358 | D:5      | Reached XP level 7. HP: 23/69 MP: 6/6
  3726 | D:5      | Noticed a two-headed ogre
  3736 | D:5      | Killed a two-headed ogre
  3736 | D:5      | Reached XP level 8. HP: 57/77 MP: 7/7
  4113 | D:5      | Found a shadowy altar of Dithmenos.
  4515 | D:6      | Reached *** piety under Trog
  4644 | D:6      | Noticed Blork the orc
  4811 | D:6      | Found an oddly glowing altar of Pakellas.
  5061 | D:7      | Reached skill level 10 in Fighting
  5061 | D:7      | Reached skill level 10 in Maces & Flails
  5240 | D:7      | Found Riuqotul's Gadget Shop.
  5293 | D:7      | Found a blossoming altar of Fedhas.
  5293 | D:7      | Found an ancient bone altar of Kikubaaqudgha.
  5294 | D:7      | Found a stormy altar of Qazlal.
  5344 | D:7      | Noticed Duvessa
  5344 | D:7      | Noticed Dowan
  5354 | D:7      | Killed Duvessa
  5354 | D:7      | Reached XP level 9. HP: 71/86 MP: 8/8
  5363 | D:7      | Killed Dowan
  5589 | D:7      | Found Ogatef's Jewellery Shop.
  5594 | D:7      | Bought a +3 amulet of reflection for 250 gold pieces
  5668 | D:7      | Found a burning altar of Makhleb.
  5668 | D:7      | Noticed a blizzard demon
  5671 | D:7      | Noticed a smoke demon
  5833 | D:7      | Found Gubu's Armour Shoppe.
  6637 | D:8      | Found a basalt altar of Yredelemnul.
  6703 | D:8      | Reached **** piety under Trog
  6718 | D:8      | Reached XP level 10. HP: 53/99 MP: 9/9
  6851 | D:8      | Noticed a three-headed hydra
  6857 | D:8      | Killed a three-headed hydra
  8305 | D:10     | Entered Level 10 of the Dungeon
  8361 | D:10     | Noticed a hill giant
  8369 | D:10     | Killed a hill giant
  8643 | D:10     | Noticed Sonja
  8651 | D:10     | Killed Sonja
  8664 | D:10     | HP: 5/102 [poisoned by Sonja]
  8674 | D:10     | HP: 5/102 [poisoned by Sonja]
  8680 | D:10     | HP: 3/102 [poisoned by Sonja]
  8686 | D:10     | HP: 4/102 [poisoned by Sonja]
  9488 | D:11     | Reached XP level 11. HP: 91/110 MP: 10/10
  9640 | D:11     | You fall through a shaft for 3 floors!
  9726 | D:14     | Reached skill level 5 in Armour
  9882 | D:12     | Noticed Maud
  9909 | D:12     | Killed Maud
 10333 | D:12     | Found a staircase to the Orcish Mines.
 10534 | D:12     | Noticed a death knight
 10550 | D:12     | Noticed a centaur warrior
 11046 | D:12     | Killed a centaur warrior
 11067 | D:12     | Noticed a red ugly thing
 11094 | D:12     | Reached skill level 10 in Armour
 11443 | D:11     | Found a staircase to the Lair.
 11691 | Lair:1   | Entered Level 1 of the Lair of Beasts
 11759 | Lair:1   | Noticed a fire crab
 11773 | Lair:1   | Killed a fire crab
 11777 | Lair:1   | HP: 7/165 [river rat (6)]
 13639 | Lair:1   | Reached XP level 12. HP: 117/117 MP: 11/11
 14569 | Lair:2   | Reached ***** piety under Trog
 14693 | Lair:2   | Noticed a queen ant
 14765 | Lair:2   | Killed a queen ant
 15308 | Lair:2   | Noticed a five-headed hydra
 15319 | Lair:2   | Killed a five-headed hydra
 15517 | Lair:2   | Noticed a seven-headed hydra
 15532 | Lair:2   | Killed a seven-headed hydra
 15532 | Lair:2   | Reached skill level 15 in Maces & Flails
 15740 | Lair:2   | Reached skill level 15 in Fighting
 16447 | Lair:3   | Found a staircase to the Shoals.
 16944 | Lair:3   | Received a gift from Trog
 17508 | Lair:4   | Found a hole to the Spider Nest.
 17855 | Lair:4   | Reached XP level 13. HP: 128/128 MP: 12/12
 18695 | Lair:5   | Received a gift from Trog
 18938 | Lair:5   | Found a shadowy altar of Dithmenos.
 19501 | Lair:6   | Got a scorched copper ring
 19553 | Lair:6   | Found a dark tunnel.
 19568 | Volcano  | Entered a volcano
 19804 | Lair:6   | Identified the ring of the Twelve Mice {Fire Dex+3} (You found it on level 6 of the Lair of Beasts)
 19848 | Lair:6   | Found a staircase to the Slime Pits.
 20649 | Lair:7   | Impaled on a porcupine's spines

Skill      XL: |  1  2  3  4  5  6  7  8  9 10 11 12 13 |
---------------+----------------------------------------+-----
Maces & Flails | 4 5 6 8 9 10 12 14 15 17 | 17.0
Fighting       | 4 5 6 8 10 12 14 15 17 | 17.0
Armour         | 12 13 | 13.1
Dodging        | |  2.1

Action                   |  1- 3 |  4- 6 |  7- 9 | 10-12 | 13-15 || total
-------------------------+-------+-------+-------+-------+-------++-------
Melee: Mace              |    60 |    91 |   258 |       |       ||   409
       Headbutt          |     8 |    15 |    57 |   216 |    91 ||   387
       Dire flail        |       |       |    21 |   716 |   127 ||   864
       Flail             |       |       |       |   184 |    31 ||   215
       Great mace        |       |       |       |       |   200 ||   200
Invok: Trog's Hand       |       |     2 |     5 |    19 |     5 ||    31
       Berserk           |       |     2 |     1 |     5 |     1 ||     9
       Brothers in Arms  |       |       |       |     1 |       ||     1
  Use: Scroll            |       |    15 |     8 |    13 |     3 ||    39
       Potion            |       |       |       |     6 |       ||     6
 Stab: Sleeping          |     1 |     1 |     2 |     3 |     1 ||     8
  Eat: Chunk             |     1 |     8 |     9 |    22 |    11 ||    51
       Meat ration       |       |       |     1 |     2 |       ||     3
       Bread ration      |       |       |       |     2 |       ||     2
       Royal jelly       |       |       |       |     1 |       ||     1
Armor: Animal skin       |     9 |     3 |       |       |       ||    12
       Ring mail         |       |    21 |   121 |   194 |       ||   336
       Plate armour      |       |       |       |   249 |   221 ||   470
       Scale mail        |       |       |       |       |    46 ||    46
Dodge: Dodged            |    30 |    60 |   133 |   399 |   169 ||   791
Block: Other             |       |       |    19 |   110 |    42 ||   171
       Reflection        |       |       |       |     4 |       ||     4
